Bruins vs Ducks

Created - December 12 2010 at 15:59

Goals
1 2 3 T
Bruins 2 2 1 5
Ducks 0 1 2 3
Shots
1 2 3 T
Bruins 6 12 17 35
Ducks 8 10 7 25

Period #1

1. Bruins , Henrik Zetterberg 15 (Phil Kessel, Paul Stastny) at 0:06
2. Bruins , Niklas Kronwall 8 (Dustin Brown, David Krejci) at 19:48

Penalties :
Niklas Kronwall (BOS) for Holding Stick (Minor) at 1:54, Dustin Byfuglien (ANA) for Hooking (Minor) at 2:48, Nathan Horton (BOS) for Tripping (Minor) at 3:41, Jakub Voracek (ANA) for Tripping (Minor) at 5:51, Gregory Campbell (BOS) for Roughing (Minor) at 5:51, Gregory Campbell (BOS) for Roughing (Minor) at 11:36

Period #2

3. Bruins , Nathan Horton 12 (Zdeno Chara, David Krejci) at 9:01 (PP)
4. Bruins , Zdeno Chara 8 (Henrik Zetterberg, Nathan Horton) at 12:50 (PP)
5. Ducks , Kurtis Foster 7 (Bobby Ryan, Henrik Tallinder) at 17:22 (PP)

Penalties :
Dennis Seidenberg (BOS) for Roughing (Minor) at 0:27, Dustin Brown (BOS) for Hooking (Minor) at 3:37, Nick Schultz (ANA) for Holding (Minor) at 7:07, Dustin Byfuglien (ANA) for Slashing (Minor) at 11:50, James Vandermeer (BOS) for Holding (Minor) at 15:55

Period #3

6. Ducks , Jonathan Toews 18 (Marc-Edouard Vlasic, Tom Poti) at 1:51
7. Bruins , Phil Kessel 11 (Dustin Brown, Niklas Kronwall) at 4:49 (PP)
8. Ducks , Andy McDonald 16 (Richard Park, Henrik Tallinder) at 9:14

Penalties :
Marc-Edouard Vlasic (ANA) for Slashing (Double Minor) at 2:15, Zdeno Chara (BOS) for Roughing (Minor) at 5:16, Zdeno Chara (BOS) for Hooking (Minor) at 9:33, Tom Poti (ANA) for Slashing (Double Minor) at 13:29

Goalie Stats

Cam Ward (BOS), 22 saves from 25 shots - (0.880), W, 19-5-3, 60:00 minutes
Jonas Hiller (ANA), 9 saves from 12 shots - (0.750), 29:01 minutes
Jose Theodore (ANA), 21 saves from 23 shots - (0.913), L, 14-4-1, 30:59 minutes

Players Stats

Bruins
Player Name              G  A  P  +/- PIM S  H  SB FO    MP 
------------------------------------------------------------
Andrej Meszaros          0  0  0   0  0   0  0  0  0/0   0  
Barret Jackman           0  0  0   0  0   1  2  1  0/0   19 
Blake Wheeler            0  0  0   0  0   0  5  0  0/4   14 
David Krejci             0  2  2   0  0   0  3  0  13/27 21 
Dennis Seidenberg        0  0  0   0  2   3  4  2  0/0   23 
Dustin Brown             0  2  2   0  2   5  4  0  0/1   14 
Gregory Campbell         0  0  0   0  4   0  3  0  2/4   12 
Henrik Zetterberg        1  1  2   0  0   6  0  1  1/2   16 
James Vandermeer         0  0  0   0  2   0  0  0  0/0   9  
Jordan Leopold           0  0  0   0  0   1  0  0  0/0   21 
Kyle Okposo              0  0  0   0  0   2  0  0  0/0   7  
Mark Recchi              0  0  0   0  0   0  3  0  0/0   14 
Nathan Horton            1  1  2   0  2   3  0  1  2/3   15 
Niklas Kronwall          1  1  2   0  2   4  2  0  0/0   20 
Patrice Bergeron         0  0  0   0  0   0  0  2  7/15  16 
Paul Stastny             0  1  1   0  0   4  0  0  17/30 23 
Phil Kessel              1  1  2   0  0   5  0  0  1/6   12 
Zdeno Chara              1  1  2   0  4   1  3  2  0/0   25 
Ducks
Player Name              G  A  P  +/- PIM S  H  SB FO    MP 
------------------------------------------------------------
Andy McDonald            1  0  1   1  0   5  0  0  17/28 19 
Bobby Ryan               0  1  1  -1  0   1  1  0  0/0   17 
Bryan Little             0  0  0   0  0   0  0  0  0/0   4  
David Clarkson           0  0  0   1  0   3  2  0  0/0   18 
David Perron             0  0  0   0  0   2  0  0  0/0   10 
Dominic Moore            0  0  0   0  0   0  1  0  0/0   11 
Dustin Byfuglien         0  0  0  -1  4   1  0  0  1/3   16 
Henrik Tallinder         0  2  2   1  0   1  2  0  0/0   18 
Jakub Voracek            0  0  0   0  2   1  0  0  0/0   10 
Jonathan Toews           1  0  1  -1  0   4  0  0  14/25 19 
Kurtis Foster            1  0  1   0  0   1  0  0  0/0   16 
Logan Couture            0  0  0   0  0   1  0  0  5/11  8  
Manny Malhotra           0  0  0   0  0   2  3  2  11/22 15 
Marc-Edouard Vlasic      0  1  1  -1  4   0  0  0  0/0   22 
Nick Schultz             0  0  0   1  2   0  2  0  0/0   21 
Richard Park             0  1  1   1  0   0  0  1  1/3   21 
Rob Scuderi              0  0  0   0  0   0  0  0  0/0   17 
Tom Poti                 0  1  1  -1  4   3  0  3  0/0   22 

3 Stars

1 - Henrik Zetterberg (BOS)
2 - Phil Kessel (BOS)
3 - Henrik Tallinder (ANA)

Power Play

Bruins - 3 on 5 Attempt(s) - 60.00%
Ducks - 1 on 8 Attempt(s) - 12.50%

Penalty Kill

Bruins - 7 on 8 Attempt(s) - 87.50% - Score 0 goal in Penalty Kill
Ducks - 2 on 5 Attempt(s) - 40.00% - Score 0 goal in Penalty Kill

Game Notes

Jose Theodore enters game at 9:01 of 2nd period

Finance

Level 1 -- Attendance: 4957 (76.26%) -- Ticket Income $495,700.00
Level 2 -- Attendance: 3979 (79.58%) -- Ticket Income $238,740.00
Level 3 -- Attendance: 2815 (80.43%) -- Ticket Income $98,525.00
Level 4 -- Attendance: 1174 (100.00%) -- Ticket Income $23,480.00
Luxury Box -- Attendance: 813 (81.30%) -- Ticket Income $162,600.00
Game was played at the Honda Center
Total Attendance: 13738 (79.99%)
Total Ticket Income: $1,114,481.00
Other Income: $208,499.10
Total Income: $1,322,979.00


Play by Play

Period #1

0:01 of 1st period - Paul Stastny wins face-off versus Jonathan Toews in neutral zone.
0:06 of 1st period - Shot by Henrik Zetterberg.
0:06 of 1st period - Goal by Henrik Zetterberg - Bruins : 1 - Ducks : 0.
0:07 of 1st period - David Krejci wins face-off versus Andy McDonald in neutral zone.
0:13 of 1st period - Dustin Brown is hit by Henrik Tallinder and loses puck.
0:26 of 1st period - Shot by Andy McDonald.
0:26 of 1st period - Stopped by Cam Ward without a rebound.
0:27 of 1st period - Jonathan Toews wins face-off versus Paul Stastny in Bruins zone.
0:40 of 1st period - Shot by Jonathan Toews.
0:40 of 1st period - Stopped by Cam Ward without a rebound.
0:41 of 1st period - Patrice Bergeron wins face-off versus Manny Malhotra in Bruins zone.
1:05 of 1st period - Shot by Jakub Voracek.
1:05 of 1st period - Shot Misses the Net.
1:07 of 1st period - Shot by Manny Malhotra.
1:07 of 1st period - Stopped by Cam Ward with a rebound.
1:11 of 1st period - Shot by Jakub Voracek.
1:11 of 1st period - Shot Blocked by Patrice Bergeron.
1:15 of 1st period - Shot by Manny Malhotra.
1:15 of 1st period - Shot Misses the Net.
1:19 of 1st period - Shot by Jakub Voracek.
1:19 of 1st period - Shot Blocked by Zdeno Chara.
1:40 of 1st period - Off-side.
1:41 of 1st period - Gregory Campbell wins face-off versus Andy McDonald in neutral zone.
1:49 of 1st period - Shot by David Clarkson.
1:49 of 1st period - Shot Misses the Net.
1:51 of 1st period - Shot by Nick Schultz.
1:51 of 1st period - Shot Blocked by Dennis Seidenberg.
1:53 of 1st period - Shot by Andy McDonald.
1:53 of 1st period - Stopped by Cam Ward without a rebound.
1:54 of 1st period - Logan Couture wins face-off versus David Krejci in Bruins zone.
1:54 of 1st period - Minor Penalty to Niklas Kronwall for Holding Stick.
1:55 of 1st period - Andy McDonald wins face-off versus Paul Stastny in Bruins zone.
2:21 of 1st period - Icing by Andy McDonald.
2:22 of 1st period - Andy McDonald wins face-off versus Paul Stastny in Ducks zone.
2:48 of 1st period - Minor Penalty to Dustin Byfuglien for Hooking.
2:49 of 1st period - David Krejci wins face-off versus Jonathan Toews in Ducks zone.
2:58 of 1st period - Shot by Dustin Brown.
2:58 of 1st period - Shot Misses the Net.
3:00 of 1st period - Shot by Dennis Seidenberg.
3:00 of 1st period - Shot Misses the Net.
3:04 of 1st period - Shot by Dustin Brown.
3:04 of 1st period - Shot Misses the Net.
3:06 of 1st period - Shot by Barret Jackman.
3:06 of 1st period - Shot Misses the Net.
3:41 of 1st period - Minor Penalty to Nathan Horton for Tripping.
3:42 of 1st period - Paul Stastny wins face-off versus Andy McDonald in Bruins zone.
3:42 of 1st period - Paul Stastny is hit by Manny Malhotra.
3:49 of 1st period - Icing by Tom Poti.
3:50 of 1st period - Manny Malhotra wins face-off versus Gregory Campbell in Ducks zone.
4:18 of 1st period - Icing by Zdeno Chara.
4:19 of 1st period - Jonathan Toews wins face-off versus Patrice Bergeron in Bruins zone.
5:51 of 1st period - Minor Penalty to Jakub Voracek for Tripping.
5:51 of 1st period - Minor Penalty to Gregory Campbell for Roughing.
5:52 of 1st period - David Krejci wins face-off versus Jonathan Toews in neutral zone.
6:00 of 1st period - Icing by Jonathan Toews.
6:01 of 1st period - Patrice Bergeron wins face-off versus Jonathan Toews in Ducks zone.
6:10 of 1st period - Shot by Nathan Horton.
6:10 of 1st period - Shot Hit the Post.
6:20 of 1st period - Zdeno Chara is hit by Bobby Ryan and loses puck.
6:37 of 1st period - Icing by Jordan Leopold.
6:38 of 1st period - Patrice Bergeron wins face-off versus Dustin Byfuglien in Bruins zone.
6:57 of 1st period - Icing by Dustin Byfuglien.
6:58 of 1st period - Dustin Byfuglien wins face-off versus David Krejci in Ducks zone.
7:03 of 1st period - Shot by Nick Schultz.
7:03 of 1st period - Shot Misses the Net.
7:17 of 1st period - Shot by Barret Jackman.
7:17 of 1st period - Stopped by Jonas Hiller without a rebound.
7:18 of 1st period - Richard Park wins face-off versus David Krejci in Ducks zone.
7:35 of 1st period - Shot by Dominic Moore.
7:35 of 1st period - Shot Blocked by Barret Jackman.
7:57 of 1st period - Shot by Jakub Voracek.
7:57 of 1st period - Stopped by Cam Ward with a rebound.
8:13 of 1st period - Rob Scuderi is hit by Gregory Campbell and loses puck.
8:56 of 1st period - Icing by Zdeno Chara.
8:57 of 1st period - Andy McDonald wins face-off versus Patrice Bergeron in Bruins zone.
9:48 of 1st period - Shot by Dustin Brown.
9:48 of 1st period - Stopped by Jonas Hiller without a rebound.
9:49 of 1st period - Paul Stastny wins face-off versus Manny Malhotra in Ducks zone.
9:54 of 1st period - Shot by Kyle Okposo.
9:54 of 1st period - Shot Blocked by Manny Malhotra.
10:01 of 1st period - Icing by Rob Scuderi.
10:02 of 1st period - Paul Stastny wins face-off versus Manny Malhotra in Ducks zone.
10:03 of 1st period - Shot by Phil Kessel.
10:03 of 1st period - Stopped by Jonas Hiller without a rebound.
10:04 of 1st period - Paul Stastny wins face-off versus Jonathan Toews in Ducks zone.
10:25 of 1st period - Shot by Jonathan Toews.
10:25 of 1st period - Stopped by Cam Ward with a rebound.
11:11 of 1st period - Icing by Andy McDonald.
11:12 of 1st period - Andy McDonald wins face-off versus Blake Wheeler in Ducks zone.
11:34 of 1st period - Icing by Henrik Tallinder.
11:35 of 1st period - Andy McDonald wins face-off versus Paul Stastny in Ducks zone.
11:35 of 1st period - Andy McDonald is hit by Gregory Campbell.
11:36 of 1st period - Minor Penalty to Gregory Campbell for Roughing.
11:37 of 1st period - Jonathan Toews wins face-off versus David Krejci in Bruins zone.
12:32 of 1st period - Shot by Tom Poti.
12:32 of 1st period - Stopped by Cam Ward without a rebound.
12:33 of 1st period - Andy McDonald wins face-off versus Phil Kessel in Bruins zone.
13:59 of 1st period - Logan Couture is hit by Niklas Kronwall and loses puck.
14:24 of 1st period - Tom Poti is hit by Gregory Campbell and loses puck.
15:50 of 1st period - Shot by David Clarkson.
15:50 of 1st period - Stopped by Cam Ward with a rebound.
17:04 of 1st period - Shot by Gregory Campbell.
17:04 of 1st period - Deflect By Phil Kessel.
17:04 of 1st period - Stopped by Jonas Hiller without a rebound.
17:05 of 1st period - David Krejci wins face-off versus Jonathan Toews in Ducks zone.
17:23 of 1st period - Off-side.
17:24 of 1st period - Patrice Bergeron wins face-off versus Andy McDonald in neutral zone.
17:57 of 1st period - Nick Schultz is hit by Blake Wheeler and loses puck.
18:03 of 1st period - Kurtis Foster is hit by Zdeno Chara and loses puck.
18:29 of 1st period - Icing by Jordan Leopold.
18:30 of 1st period - Manny Malhotra wins face-off versus Patrice Bergeron in Bruins zone.
18:49 of 1st period - Rob Scuderi is hit by Blake Wheeler and loses puck.
19:44 of 1st period - Shot by Niklas Kronwall.
19:44 of 1st period - Shot Blocked by Tom Poti.
19:48 of 1st period - Shot by Niklas Kronwall.
19:48 of 1st period - Goal by Niklas Kronwall - Bruins : 2 - Ducks : 0.
19:49 of 1st period - Gregory Campbell wins face-off versus Andy McDonald in neutral zone.

Period #2

0:01 of 2nd period - Jonathan Toews wins face-off versus Paul Stastny in neutral zone.
0:27 of 2nd period - Minor Penalty to Dennis Seidenberg for Roughing.
0:28 of 2nd period - Andy McDonald wins face-off versus Paul Stastny in Bruins zone.
0:29 of 2nd period - Shot by Tom Poti.
0:29 of 2nd period - Stopped by Cam Ward without a rebound.
0:30 of 2nd period - Andy McDonald wins face-off versus Gregory Campbell in Bruins zone.
0:31 of 2nd period - Shot by Tom Poti.
0:31 of 2nd period - Shot Misses the Net.
0:49 of 2nd period - Shot by Tom Poti.
0:49 of 2nd period - Stopped by Cam Ward without a rebound.
0:50 of 2nd period - Paul Stastny wins face-off versus Jonathan Toews in Bruins zone.
1:47 of 2nd period - Shot by Andy McDonald.
1:47 of 2nd period - Stopped by Cam Ward without a rebound.
1:48 of 2nd period - David Krejci wins face-off versus Andy McDonald in Bruins zone.
2:14 of 2nd period - Icing by Tom Poti.
2:15 of 2nd period - David Krejci wins face-off versus Andy McDonald in Ducks zone.
2:33 of 2nd period - Icing by Paul Stastny.
2:34 of 2nd period - Paul Stastny wins face-off versus Manny Malhotra in Bruins zone.
2:43 of 2nd period - Icing by Kurtis Foster.
2:44 of 2nd period - Manny Malhotra wins face-off versus Patrice Bergeron in Ducks zone.
2:44 of 2nd period - Manny Malhotra is hit by Blake Wheeler.
3:10 of 2nd period - Shot by Patrice Bergeron.
3:10 of 2nd period - Shot Misses the Net.
3:12 of 2nd period - Shot by Jordan Leopold.
3:12 of 2nd period - Shot Blocked by Manny Malhotra.
3:14 of 2nd period - Shot by Jordan Leopold.
3:14 of 2nd period - Stopped by Jonas Hiller without a rebound.
3:15 of 2nd period - Jonathan Toews wins face-off versus David Krejci in Ducks zone.
3:21 of 2nd period - Tom Poti is hit by David Krejci and loses puck.
3:37 of 2nd period - Minor Penalty to Dustin Brown for Hooking.
3:38 of 2nd period - Andy McDonald wins face-off versus David Krejci in Bruins zone.
5:54 of 2nd period - Niklas Kronwall is hit by Manny Malhotra and loses puck.
6:48 of 2nd period - Shot by Dennis Seidenberg.
6:48 of 2nd period - Stopped by Jonas Hiller without a rebound.
6:49 of 2nd period - Andy McDonald wins face-off versus Nathan Horton in Ducks zone.
6:49 of 2nd period - Richard Park is hit by Dustin Brown and loses puck.
6:59 of 2nd period - Andy McDonald is hit by Barret Jackman and loses puck.
7:07 of 2nd period - Minor Penalty to Nick Schultz for Holding.
7:08 of 2nd period - David Krejci wins face-off versus Logan Couture in Ducks zone.
7:34 of 2nd period - Icing by Nathan Horton.
7:35 of 2nd period - Logan Couture wins face-off versus David Krejci in Bruins zone.
7:55 of 2nd period - Off-side.
7:56 of 2nd period - Phil Kessel wins face-off versus Logan Couture in neutral zone.
7:59 of 2nd period - Shot by Dennis Seidenberg.
7:59 of 2nd period - Stopped by Jonas Hiller without a rebound.
8:00 of 2nd period - Manny Malhotra wins face-off versus Phil Kessel in Ducks zone.
8:11 of 2nd period - Shot by Niklas Kronwall.
8:11 of 2nd period - Stopped by Jonas Hiller with a rebound.
8:43 of 2nd period - Shot by Jordan Leopold.
8:43 of 2nd period - Shot Misses the Net.
8:45 of 2nd period - Shot by Zdeno Chara.
8:45 of 2nd period - Shot Blocked by Richard Park.
8:47 of 2nd period - Shot by Nathan Horton.
8:47 of 2nd period - Deflect By David Krejci.
8:47 of 2nd period - Shot Blocked by Tom Poti.
8:51 of 2nd period - Shot by Henrik Zetterberg.
8:51 of 2nd period - Stopped by Jonas Hiller with a rebound.
8:59 of 2nd period - Shot by Zdeno Chara.
8:59 of 2nd period - Shot Misses the Net.
9:01 of 2nd period - Shot by Nathan Horton.
9:01 of 2nd period - Goal by Nathan Horton - Bruins : 3 - Ducks : 0.
9:01 of 2nd period - Jose Theodore enters game.
9:02 of 2nd period - Paul Stastny wins face-off versus Manny Malhotra in neutral zone.
9:21 of 2nd period - Shot by Kyle Okposo.
9:21 of 2nd period - Stopped by Jose Theodore with a rebound.
9:25 of 2nd period - Shot by Paul Stastny.
9:25 of 2nd period - Stopped by Jose Theodore without a rebound.
9:26 of 2nd period - Jonathan Toews wins face-off versus Blake Wheeler in Ducks zone.
9:26 of 2nd period - Jonathan Toews is hit by Blake Wheeler.
9:37 of 2nd period - Bobby Ryan is hit by Barret Jackman and loses puck.
9:42 of 2nd period - Shot by Jonathan Toews.
9:42 of 2nd period - Stopped by Cam Ward without a rebound.
9:43 of 2nd period - Paul Stastny wins face-off versus Andy McDonald in Bruins zone.
9:43 of 2nd period - Gregory Campbell is hit by David Clarkson and loses puck.
10:47 of 2nd period - Mark Recchi is hit by Nick Schultz and loses puck.
10:55 of 2nd period - Patrice Bergeron is hit by Nick Schultz and loses puck.
11:10 of 2nd period - Shot by Nathan Horton.
11:10 of 2nd period - Stopped by Jose Theodore without a rebound.
11:11 of 2nd period - Jonathan Toews wins face-off versus Dustin Brown in Ducks zone.
11:50 of 2nd period - Minor Penalty to Dustin Byfuglien for Slashing.
11:51 of 2nd period - Paul Stastny wins face-off versus Manny Malhotra in Ducks zone.
12:45 of 2nd period - Nathan Horton is hit by Manny Malhotra and loses puck.
12:50 of 2nd period - Shot by Zdeno Chara.
12:50 of 2nd period - Goal by Zdeno Chara - Bruins : 4 - Ducks : 0.
12:51 of 2nd period - Jonathan Toews wins face-off versus Patrice Bergeron in neutral zone.
13:02 of 2nd period - Shot by Jakub Voracek.
13:02 of 2nd period - Shot Blocked by Patrice Bergeron.
13:34 of 2nd period - Rob Scuderi is hit by Mark Recchi and loses puck.
14:29 of 2nd period - Shot by Kyle Okposo.
14:29 of 2nd period - Stopped by Jose Theodore without a rebound.
14:30 of 2nd period - David Krejci wins face-off versus Jonathan Toews in Ducks zone.
14:57 of 2nd period - Shot by Dustin Byfuglien.
14:57 of 2nd period - Stopped by Cam Ward with a rebound.
15:35 of 2nd period - Bobby Ryan is hit by Dennis Seidenberg and loses puck.
15:55 of 2nd period - Minor Penalty to James Vandermeer for Holding.
15:56 of 2nd period - Andy McDonald wins face-off versus Phil Kessel in Bruins zone.
15:58 of 2nd period - David Clarkson is hit by Dennis Seidenberg.
16:07 of 2nd period - Off-side.
16:08 of 2nd period - Andy McDonald wins face-off versus Phil Kessel in neutral zone.
16:11 of 2nd period - Zdeno Chara is hit by David Clarkson and loses puck.
16:22 of 2nd period - Shot by Henrik Tallinder.
16:22 of 2nd period - Stopped by Cam Ward without a rebound.
16:23 of 2nd period - Paul Stastny wins face-off versus Richard Park in Bruins zone.
17:22 of 2nd period - Shot by Kurtis Foster.
17:22 of 2nd period - Goal by Kurtis Foster - Bruins : 4 - Ducks : 1.
17:23 of 2nd period - Logan Couture wins face-off versus Patrice Bergeron in neutral zone.
17:30 of 2nd period - Shot by Dominic Moore.
17:30 of 2nd period - Shot Misses the Net.
17:49 of 2nd period - Shot by Logan Couture.
17:49 of 2nd period - Stopped by Cam Ward with a rebound.
18:40 of 2nd period - Shot by Paul Stastny.
18:40 of 2nd period - Stopped by Jose Theodore without a rebound.
18:41 of 2nd period - Andy McDonald wins face-off versus David Krejci in Ducks zone.
18:52 of 2nd period - David Clarkson is hit by Niklas Kronwall and loses puck.
18:57 of 2nd period - Shot by Andy McDonald.
18:57 of 2nd period - Shot Hit the Post.
19:01 of 2nd period - Shot by Andy McDonald.
19:01 of 2nd period - Shot Misses the Net.
19:07 of 2nd period - Shot by Nick Schultz.
19:07 of 2nd period - Shot Blocked by Nathan Horton.
19:11 of 2nd period - Shot by Henrik Tallinder.
19:11 of 2nd period - Deflect By David Clarkson.
19:11 of 2nd period - Stopped by Cam Ward without a rebound.
19:12 of 2nd period - Manny Malhotra wins face-off versus Paul Stastny in Bruins zone.
19:12 of 2nd period - Kurtis Foster is hit by Dennis Seidenberg and loses puck.
19:16 of 2nd period - Icing by Niklas Kronwall.
19:17 of 2nd period - Paul Stastny wins face-off versus Manny Malhotra in Bruins zone.
19:47 of 2nd period - Manny Malhotra is hit by Dennis Seidenberg and loses puck.
19:52 of 2nd period - Shot by David Perron.
19:52 of 2nd period - Stopped by Cam Ward without a rebound.
19:53 of 2nd period - Andy McDonald wins face-off versus Blake Wheeler in Bruins zone.
19:53 of 2nd period - Richard Park is hit by Zdeno Chara and loses puck.

Period #3

0:01 of 3rd period - Jonathan Toews wins face-off versus Phil Kessel in neutral zone.
0:18 of 3rd period - Shot by Bobby Ryan.
0:18 of 3rd period - Stopped by Cam Ward without a rebound.
0:19 of 3rd period - David Krejci wins face-off versus Andy McDonald in Bruins zone.
1:03 of 3rd period - Nathan Horton is hit by Henrik Tallinder and loses puck.
1:47 of 3rd period - Shot by Jonathan Toews.
1:47 of 3rd period - Shot Blocked by Dennis Seidenberg.
1:51 of 3rd period - Shot by Jonathan Toews.
1:51 of 3rd period - Goal by Jonathan Toews - Bruins : 4 - Ducks : 2.
1:52 of 3rd period - Manny Malhotra wins face-off versus Patrice Bergeron in neutral zone.
2:01 of 3rd period - Shot by Jakub Voracek.
2:01 of 3rd period - Shot Misses the Net.
2:08 of 3rd period - Off-side.
2:09 of 3rd period - Paul Stastny wins face-off versus Logan Couture in neutral zone.
2:09 of 3rd period - Kyle Okposo is hit by Dominic Moore and loses puck.
2:15 of 3rd period - Double Minor Penalty to Marc-Edouard Vlasic for Slashing.
2:16 of 3rd period - David Krejci wins face-off versus Logan Couture in Ducks zone.
2:21 of 3rd period - Shot by Henrik Zetterberg.
2:21 of 3rd period - Stopped by Jose Theodore without a rebound.
2:22 of 3rd period - Manny Malhotra wins face-off versus Paul Stastny in Ducks zone.
2:37 of 3rd period - Shot by Dennis Seidenberg.
2:37 of 3rd period - Shot Misses the Net.
2:47 of 3rd period - Shot by Phil Kessel.
2:47 of 3rd period - Shot Blocked by Tom Poti.
2:51 of 3rd period - Shot by Dustin Brown.
2:51 of 3rd period - Shot Misses the Net.
2:53 of 3rd period - Shot by Dennis Seidenberg.
2:53 of 3rd period - Stopped by Jose Theodore without a rebound.
2:54 of 3rd period - Logan Couture wins face-off versus David Krejci in Ducks zone.
3:07 of 3rd period - Shot by Henrik Zetterberg.
3:07 of 3rd period - Stopped by Jose Theodore with a rebound.
3:19 of 3rd period - Shot by Henrik Zetterberg.
3:19 of 3rd period - Stopped by Jose Theodore without a rebound.
3:20 of 3rd period - Paul Stastny wins face-off versus Manny Malhotra in Ducks zone.
3:37 of 3rd period - Shot by Dustin Brown.
3:37 of 3rd period - Shot Misses the Net.
3:39 of 3rd period - Shot by Phil Kessel.
3:39 of 3rd period - Deflect By Paul Stastny.
3:39 of 3rd period - Shot Misses the Net.
3:41 of 3rd period - Shot by Dennis Seidenberg.
3:41 of 3rd period - Shot Misses the Net.
3:43 of 3rd period - Shot by Niklas Kronwall.
3:43 of 3rd period - Stopped by Jose Theodore without a rebound.
3:44 of 3rd period - Logan Couture wins face-off versus Henrik Zetterberg in Ducks zone.
3:44 of 3rd period - Logan Couture is hit by Zdeno Chara.
4:09 of 3rd period - Icing by Jordan Leopold.
4:10 of 3rd period - Manny Malhotra wins face-off versus David Krejci in Bruins zone.
4:19 of 3rd period - Tom Poti is hit by David Krejci and loses puck.
4:30 of 3rd period - Richard Park is hit by Dustin Brown and loses puck.
4:49 of 3rd period - Shot by Phil Kessel.
4:49 of 3rd period - Goal by Phil Kessel - Bruins : 5 - Ducks : 2.
4:50 of 3rd period - Manny Malhotra wins face-off versus Patrice Bergeron in neutral zone.
4:55 of 3rd period - Shot by Manny Malhotra.
4:55 of 3rd period - Stopped by Cam Ward without a rebound.
4:56 of 3rd period - Patrice Bergeron wins face-off versus Dustin Byfuglien in Bruins zone.
5:16 of 3rd period - Minor Penalty to Zdeno Chara for Roughing.
5:17 of 3rd period - Jonathan Toews wins face-off versus Paul Stastny in Bruins zone.
5:27 of 3rd period - Icing by Marc-Edouard Vlasic.
5:28 of 3rd period - Henrik Zetterberg wins face-off versus Jonathan Toews in Ducks zone.
6:57 of 3rd period - Shot by Jonathan Toews.
6:57 of 3rd period - Shot Hit the Post.
7:16 of 3rd period - Icing by Tom Poti.
7:17 of 3rd period - Manny Malhotra wins face-off versus Blake Wheeler in Ducks zone.
7:22 of 3rd period - Shot by David Perron.
7:22 of 3rd period - Stopped by Cam Ward with a rebound.
7:30 of 3rd period - Jakub Voracek is hit by Mark Recchi and loses puck.
7:53 of 3rd period - Shot by Jakub Voracek.
7:53 of 3rd period - Shot Blocked by Zdeno Chara.
8:00 of 3rd period - Off-side.
8:01 of 3rd period - Paul Stastny wins face-off versus Logan Couture in neutral zone.
8:52 of 3rd period - Shot by Niklas Kronwall.
8:52 of 3rd period - Shot Misses the Net.
8:54 of 3rd period - Shot by Dustin Brown.
8:54 of 3rd period - Stopped by Jose Theodore without a rebound.
8:55 of 3rd period - Andy McDonald wins face-off versus David Krejci in Ducks zone.
8:55 of 3rd period - Andy McDonald is hit by Dustin Brown.
9:14 of 3rd period - Shot by Andy McDonald.
9:14 of 3rd period - Goal by Andy McDonald - Bruins : 5 - Ducks : 3.
9:15 of 3rd period - Patrice Bergeron wins face-off versus Manny Malhotra in neutral zone.
9:21 of 3rd period - Jakub Voracek is hit by Blake Wheeler and loses puck.
9:33 of 3rd period - Minor Penalty to Zdeno Chara for Hooking.
9:34 of 3rd period - Andy McDonald wins face-off versus David Krejci in Bruins zone.
9:51 of 3rd period - Shot by David Clarkson.
9:51 of 3rd period - Stopped by Cam Ward without a rebound.
9:52 of 3rd period - Jonathan Toews wins face-off versus Paul Stastny in Bruins zone.
12:19 of 3rd period - Icing by Rob Scuderi.
12:20 of 3rd period - Paul Stastny wins face-off versus Manny Malhotra in Ducks zone.
12:23 of 3rd period - Shot by Phil Kessel.
12:23 of 3rd period - Stopped by Jose Theodore without a rebound.
12:24 of 3rd period - Andy McDonald wins face-off versus Paul Stastny in Ducks zone.
12:38 of 3rd period - Shot by Paul Stastny.
12:38 of 3rd period - Stopped by Jose Theodore without a rebound.
12:39 of 3rd period - David Krejci wins face-off versus Andy McDonald in Ducks zone.
12:58 of 3rd period - Shot by Dustin Brown.
12:58 of 3rd period - Stopped by Jose Theodore with a rebound.
13:02 of 3rd period - Shot by Dustin Brown.
13:02 of 3rd period - Stopped by Jose Theodore without a rebound.
13:03 of 3rd period - Jonathan Toews wins face-off versus Paul Stastny in Ducks zone.
13:14 of 3rd period - Shot by Jonathan Toews.
13:14 of 3rd period - Shot Blocked by Henrik Zetterberg.
13:29 of 3rd period - Double Minor Penalty to Tom Poti for Slashing.
13:30 of 3rd period - David Krejci wins face-off versus Logan Couture in Ducks zone.
15:44 of 3rd period - Shot by Paul Stastny.
15:44 of 3rd period - Stopped by Jose Theodore without a rebound.
15:45 of 3rd period - Patrice Bergeron wins face-off versus Manny Malhotra in Ducks zone.
15:56 of 3rd period - Shot by Nathan Horton.
15:56 of 3rd period - Stopped by Jose Theodore without a rebound.
15:57 of 3rd period - Manny Malhotra wins face-off versus David Krejci in Ducks zone.
15:57 of 3rd period - Manny Malhotra is hit by David Krejci.
17:41 of 3rd period - Icing by James Vandermeer.
17:42 of 3rd period - Nathan Horton wins face-off versus Andy McDonald in Bruins zone.
17:47 of 3rd period - Henrik Tallinder is hit by Dustin Brown and loses puck.
17:54 of 3rd period - Shot by Dustin Brown.
17:54 of 3rd period - Stopped by Jose Theodore without a rebound.
17:55 of 3rd period - Jonathan Toews wins face-off versus David Krejci in Ducks zone.
17:57 of 3rd period - Tom Poti is hit by Mark Recchi and loses puck.
18:34 of 3rd period - Icing by Rob Scuderi.
18:35 of 3rd period - Jonathan Toews wins face-off versus Paul Stastny in Ducks zone.
19:14 of 3rd period - Shot by David Clarkson.
19:14 of 3rd period - Deflect By Andy McDonald.
19:14 of 3rd period - Stopped by Cam Ward without a rebound.
19:15 of 3rd period - Nathan Horton wins face-off versus Jonathan Toews in Bruins zone.
19:32 of 3rd period - Shot by Mark Recchi.
19:32 of 3rd period - Shot Misses the Net.
19:36 of 3rd period - Shot by Henrik Zetterberg.
19:36 of 3rd period - Stopped by Jose Theodore without a rebound.
19:37 of 3rd period - Paul Stastny wins face-off versus Jonathan Toews in Ducks zone.
19:40 of 3rd period - Shot by Phil Kessel.
19:40 of 3rd period - Shot Misses the Net.
19:44 of 3rd period - Shot by Niklas Kronwall.
19:44 of 3rd period - Stopped by Jose Theodore with a rebound.
19:48 of 3rd period - Shot by Nathan Horton.
19:48 of 3rd period - Deflect By Phil Kessel.
19:48 of 3rd period - Shot Misses the Net.
19:50 of 3rd period - Shot by Phil Kessel.
19:50 of 3rd period - Stopped by Jose Theodore without a rebound.
19:51 of 3rd period - David Krejci wins face-off versus Richard Park in Ducks zone.


Output by the SimonT Hockey Simulator (STHS) for Stephane Roy -- Original Page W3C XHTML 1.0 Valid